 Dungeon Crawl Stone Soup version 0.30-a0-718-geaa24f58ff (webtiles) character file.

Game seed: 321114568840821494

27 Alitron123 the Grasshopper (level 3, -1/28 HPs)
             Began as a Barachi Warper on Jan 25, 2023.
             Slain by a gnoll
             ... wielding a +0 spear
              (8 damage)
             ... on level 2 of the Dungeon.
             The game lasted 00:01:24 (718 turns).

Alitron123 the Grasshopper (Barachi Warper)          Turns: 718, Time: 00:01:25

Health: -1/28      AC:  3    Str: 14    XL:     3   Next: 10%
Magic:  6/6        EV: 11    Int: 13    God:
Gold:   47         SH:  0    Dex: 11    Spells: 7/7 levels left

rFire   . . .      SeeInvis .    a - +0 falchion
rCold   . . .      Faith    .    (no shield)
rNeg    . . .      Spirit   .    b - +0 leather armour
rPois   .          Reflect  .    (no helmet)
rElec   .          Harm     .    (no cloak)
rCorr   .          Rampage  .    (no gloves)
Will    .....                    (no boots)
Stlth   +                        (no amulet)
HPRegen 0.24/turn                (no ring)
MPRegen 0.10/turn                (no ring)

@: lethally poisoned (-1 -> -8), slow
A: amphibious, slowness 1, strong legs 1, +LOS
a: Hop


You were on level 2 of the Dungeon.
You visited 1 branch of the dungeon, and saw 2 of its levels.

You collected 47 gold pieces.

Inventory:

Hand Weapons
 a - a +0 falchion (weapon)
Armour
 b - a +0 leather armour (worn)
Scrolls
 c - a scroll of blinking
 e - a scroll of brand weapon {unknown}
 f - a scroll of identify {unknown}
Potions
 g - a potion of brilliance {unknown}


   Skills:
 + Level 2.6 Fighting
 + Level 2.7 Long Blades
 + Level 1.0 Throwing
 + Level 1.4 Armour
 + Level 2.3 Dodging
 + Level 2.5 Spellcasting
 + Level 3.9 Translocations


You had 7 spell levels left.
You didn't know any spells.
Your spell library contained the following spells:

 Spells                   Type           Power      Damage    Failure   Level
 Blink                    Tloc           22%        N/A       9%          2
 Lesser Beckoning         Tloc           22%        N/A       9%          2
 Teleport Other           Tloc           11%        N/A       19%         3
 Vhi's Electric Charge    Tloc/Air       12%        N/A       38%         3
 Manifold Assault         Tloc           11%        N/A       52%         4


Dungeon Overview and Level Annotations

Branches:
Dungeon (2/15)

Altars:


Innate Abilities, Weirdness & Mutations

You are amphibious.
You cover ground slowly.
You can hop short distances.
You have an extended range of vision and can be seen from far away.


Message History

No target in view!
There is a stone staircase leading up here.
Key pressed, stopping explore.
Found a stone staircase leading up.
A goblin comes into view. It is wielding a +0 dagger.
The goblin shouts!
A goblin is nearby!
A goblin is nearby!
A rat comes into view.
The goblin closely misses you.
You hit the goblin.
You kill the goblin!
You completely miss the rat. The rat closely misses you.
You barely miss the rat. The rat bites you but does no damage.
You hit the rat.
You kill the rat!
No target in view!
No target in view!
A gnoll comes into view. It is wielding a +0 whip of venom.
The gnoll shouts!
You hear a shout!
A gnoll comes into view. It is wielding a +0 spear. x2
There are monsters nearby!
There are monsters nearby!
There are monsters nearby!
A gnoll comes into view. It is wielding a +0 club.
The gnoll shouts! x2
You hit the gnoll but do no damage.
The gnoll hits you with a +0 whip of venom.
You are poisoned.
The gnoll hits you from afar with a +0 spear.
You barely miss the gnoll.
You feel very sick. The gnoll misses you. The gnoll barely misses you.
You hit the gnoll. Your punch misses the gnoll.
The gnoll is lightly wounded.
You feel very sick.
The gnoll hits you with a +0 whip of venom.
* * * LOW HITPOINT WARNING * * *
The gnoll hits you from afar with a +0 spear!
You die...

#.###.########.#.#.##.#
#.###.#<..................#
#...†...#.########.#.#.####
#.......#.# #.#.#)#
#.......#.# #.#.#.#
#.......#.# #.#.#.#
..#+#.###.# #.#.#.# .. #.#
#.########.#.#.# # ...
....gggg@......# .###
#...######.#...# #.###.#
#.# # #.# #.# #.# #.# .#


You could see 4 gnolls.

Vanquished Creatures
  3 ball pythons (D:1)
  4 bats (D:1)
  A giant cockroach (D:1)
  3 goblins
  4 jackals (D:1)
  2 kobolds (D:1)
  4 frilled lizards
  3 rats
24 creatures vanquished.

Vanquished Creatures (others)
  A plant (D:1)
1 creature vanquished.

Grand Total: 25 creatures vanquished

Notes
Turn   | Place    | Note
-------+----------+-------------------------------------------
     0 | D:1      | Alitron123 the Barachi Warper began the quest for the Orb.
     0 | D:1      | Reached XP level 1. HP: 17/17 MP: 3/3
   173 | D:1      | Reached XP level 2. HP: 19/23 MP: 5/5
   499 | D:1      | Reached XP level 3. HP: 28/28 MP: 6/6
   718 | D:2      | Slain by a gnoll

Illustrated notes

Levels and vault maps discovered:
D:1:      spicycebolla_arrival_clurvy, layout_rooms
D:2:      layout_basic, uniq_terence, uniq_natasha

Action                     || total
---------------------------++-------
  Melee: Falchion          ||    92
         Punch             ||     1
  Throw: Boomerang         ||     7
 Armour: Leather armour    ||    49
  Dodge: Dodged            ||    87

Table legend: (Time is in decaauts)
 A = Elapsed time spent in this place.
 B = Non-inter-level travel time spent in this place.
 C = Inter-level travel time spent in this place.
 D = Time resting spent in this place.
 E = Time spent auto-exploring this place.
 F = Levels seen in this place.
 G = Mean time per level.
                   A        B        C        D        E       F      G
               +--------+--------+--------+--------+--------+-----+--------+
         Total |    832 |    808 |     24 |      0 |    609 |   2 |  416.0 |
       Dungeon |    832 |    808 |     24 |      0 |    609 |   2 |  416.0 |
               +--------+--------+--------+--------+--------+-----+--------+

Top non-repeatable levels by time:
     D:1: 761 daAuts
     D:2: 71 daAuts
